TOP OF THE 1ST |
---|
Pocatello Bellas batting - Pitching for Portland Cards : LHP Allan Bader | Pitching: LHP Allan Bader | | Batting: RHB Francisco Ibarra | 0-0: Ball 1-0: Called Strike 1-1: Foul Ball, location: 2F 1-2: Ball 2-2: Ground out 4-3 (Groundball, 4MS) | Batting: RHB Tony Hernández | 0-0: Ball 1-0: Ball 2-0: Swinging Strike 2-1: Ball 3-1: Swinging Strike 3-2: Foul Ball, location: 2F 3-2: Strikes out swinging | Batting: RHB Jackson Gibson | 0-0: Ball 1-0: Ground out 6-3 (Groundball, 6) | Top of the 1st over - 0 runs, 0 hits, 0 errors, 0 left on base; Pocatello 0 - Portland 0 | BOTTOM OF THE 1ST |
---|
Portland Cards batting - Pitching for Pocatello Bellas : RHP Martín Ramírez | Pitching: RHP Martín Ramírez | | Batting: RHB António Zúńiga | 0-0: Called Strike 0-1: Swinging Strike 0-2: SINGLE (Groundball, 34D) | Batting: RHB Jesús Gutiérrez | 0-0: Ball Wild Pitch! António Zúńiga to second 1-0: Swinging Strike 1-1: Ball 2-1: Foul Ball, location: 2F 2-2: Reached on error, E5 (Groundball, 56) António Zúńiga to third | Batting: LHB Troy Donaldson | 0-0: Ball 1-0: Ball 2-0: Foul Ball, location: 2F 2-1: Ball 3-1: Foul Ball, location: 2F 3-2: Fly out, F7 (Flyball, 7LM) | Batting: LHB Chance Santry | 0-0: Called Strike 0-1: Called Strike 0-2: Ball 1-2: Ball 2-2: Fly out, F9 (Flyball, 9S) | Batting: LHB Hamilton Hughes | 0-0: Foul Ball, location: 2F 0-1: Ball 1-1: Ball 2-1: Ground out U3 (Groundball, 3L) | Bottom of the 1st over - 0 runs, 1 hit, 1 error, 2 left on base; Pocatello 0 - Portland 0 | TOP OF THE 2ND |
---|
Pocatello Bellas batting - Pitching for Portland Cards : LHP Allan Bader | Batting: RHB R.J. Parker | 0-0: Ball 1-0: Ball 2-0: Called Strike 2-1: SINGLE (Line Drive, 78S) | Batting: RHB Enrico Rodríguez | 0-0: Ball 1-0: Ball 2-0: Grounds into double play, U3-6 (Groundball, 3L) | Batting: SHB Nick Cox | 0-0: Foul Ball, location: 2F 0-1: Swinging Strike 0-2: Ball 1-2: Ball 2-2: Ball 3-2: SINGLE (Groundball, 34S) (infield hit) | Batting: RHB Sergio Solíz | 0-0: Ball 1-0: Called Strike 1-1: Ball 2-1: Called Strike 2-2: Strikes out swinging | Top of the 2nd over - 0 runs, 2 hits, 0 errors, 1 left on base; Pocatello 0 - Portland 0 | BOTTOM OF THE 2ND |
---|
Portland Cards batting - Pitching for Pocatello Bellas : RHP Martín Ramírez | Batting: RHB Mario Méndez | 0-0: Foul Ball, location: 2F 0-1: Fly out, F8 (Line Drive, 8LM) | Batting: RHB Robert Bly | 0-0: Ball 1-0: Called Strike 1-1: Ball 2-1: Called Strike 2-2: Ground out 5-3 (Groundball, 56S) | Batting: RHB Gabriel Miranda | 0-0: Called Strike 0-1: Foul Ball, location: 2F 0-2: Foul Ball, location: 2F 0-2: Ball 1-2: DOUBLE (Flyball, 8RXD) | Batting: RHB Augusto Baiano | 0-0: Called Strike 0-1: Swinging Strike 0-2: Ground out 5-3 (Groundball, 56S) | Bottom of the 2nd over - 0 runs, 1 hit, 0 errors, 1 left on base; Pocatello 0 - Portland 0 | TOP OF THE 3RD |
---|
Pocatello Bellas batting - Pitching for Portland Cards : LHP Allan Bader | Batting: LHB Pedro Camacho | 0-0: Foul Ball, location: 2F 0-1: Foul Ball, location: 2F 0-2: Ball 1-2: Ball 2-2: Fly out, F9 (Flyball, 9) | Batting: LHB Cisco Villanueva | 0-0: Foul Ball, location: 2F 0-1: Called Strike 0-2: Ball 1-2: Ball 2-2: Ground out 4-3 (Groundball, 4) | Batting: RHB Francisco Ibarra | 0-0: Foul Ball, location: 2F 0-1: Foul Ball, location: 2F 0-2: Ball 1-2: Ball 2-2: Strikes out swinging | Top of the 3rd over - 0 runs, 0 hits, 0 errors, 0 left on base; Pocatello 0 - Portland 0 | BOTTOM OF THE 3RD |
---|
Portland Cards batting - Pitching for Pocatello Bellas : RHP Martín Ramírez | Batting: RHB António Zúńiga | 0-0: Fly out, F7 (Flyball, 7S) | Batting: RHB Jesús Gutiérrez | 0-0: Called Strike 0-1: Ball 1-1: Foul Ball, location: 2F 1-2: Ball 2-2: Ball 3-2: TRIPLE (Line Drive, 7D) | Batting: LHB Troy Donaldson | 0-0: Called Strike 0-1: Ball 1-1: Foul Ball, location: 2F 1-2: Ball 2-2: Fly out, F9 (Flyball, 9D) Runner from 3rd tags up, SCORES, throw made | Batting: LHB Chance Santry | 0-0: Ball 1-0: Called Strike 1-1: Ball 2-1: Ball 3-1: Base on Balls | Batting: LHB Hamilton Hughes | 0-0: Ball 1-0: Ball Wild Pitch! Chance Santry to second 2-0: Ball 3-0: Called Strike 3-1: SINGLE (Line Drive, 4MD) Chance Santry to third Runner from 3rd tries for Home, SAFE, no throw | Batting: RHB Mario Méndez | 0-0: Swinging Strike 0-1: Swinging Strike 0-2: Ball 1-2: Strikes out looking | Bottom of the 3rd over - 2 runs, 2 hits, 0 errors, 1 left on base; Pocatello 0 - Portland 2 | TOP OF THE 4TH |
---|
Pocatello Bellas batting - Pitching for Portland Cards : LHP Allan Bader | Batting: RHB Tony Hernández | 0-0: Called Strike 0-1: Ground out 6-3 (Groundball, 6) | Batting: RHB Jackson Gibson | 0-0: Called Strike 0-1: SINGLE (Line Drive, 9S) | Batting: RHB R.J. Parker | 0-0: Ball 1-0: SINGLE (Groundball, 4D) Jackson Gibson to second Runner from 2nd tries for 3rd, SAFE, throw made to third | Batting: RHB Enrico Rodríguez | 0-0: Ball 1-0: Foul Ball, location: 2F 1-1: 3-RUN HOME RUN (Flyball, 89XD), Distance : 435 ft | Batting: SHB Nick Cox | 0-0: Called Strike 0-1: Foul Ball, location: 2F 0-2: Strikes out swinging | Batting: RHB Sergio Solíz | 0-0: Called Strike 0-1: Called Strike 0-2: SINGLE (Groundball, 4MD) | Batting: LHB Pedro Camacho | 0-0: Ball Sergio Solíz is caught stealing 2nd base | Top of the 4th over - 3 runs, 4 hits, 0 errors, 0 left on base; Pocatello 3 - Portland 2 | BOTTOM OF THE 4TH |
---|
Portland Cards batting - Pitching for Pocatello Bellas : RHP Martín Ramírez | Batting: RHB Robert Bly | 0-0: Called Strike 0-1: Ground out 4-3 (Groundball, 4) | Batting: RHB Gabriel Miranda | 0-0: Ball 1-0: Called Strike 1-1: Fly out, F5 (Line Drive, 5) | Batting: RHB Augusto Baiano | 0-0: SINGLE (Groundball, 6MD) | Batting: RHB António Zúńiga | 0-0: Called Strike 0-1: Ball 1-1: Foul Ball, location: 2F 1-2: Ball Augusto Baiano steals 2nd base 2-2: Ground out 1-3 (Groundball, P) | Bottom of the 4th over - 0 runs, 1 hit, 0 errors, 1 left on base; Pocatello 3 - Portland 2 | TOP OF THE 5TH |
---|
Pocatello Bellas batting - Pitching for Portland Cards : LHP Allan Bader | Pitching: RHP José González | | Batting: LHB Pedro Camacho | 0-0: Ball 1-0: Ground out 6-3 (Groundball, 6) | Batting: LHB Cisco Villanueva | 0-0: Foul Ball, location: 2F 0-1: Called Strike 0-2: Ground out 1-3 (Groundball, 13S) | Batting: RHB Francisco Ibarra | 0-0: Swinging Strike 0-1: Ball 1-1: Ball 2-1: Ball 3-1: SINGLE (Line Drive, 8RS) | Batting: RHB Tony Hernández | 0-0: Called Strike 0-1: Ball 1-1: Ball 2-1: Called Strike 2-2: Fielders Choice at 2nd, 5-4 (Groundball, 5) | Top of the 5th over - 0 runs, 1 hit, 0 errors, 1 left on base; Pocatello 3 - Portland 2 | BOTTOM OF THE 5TH |
---|
Portland Cards batting - Pitching for Pocatello Bellas : RHP Martín Ramírez | Pitching: RHP Ramón Silva | | Batting: RHB Jesús Gutiérrez | 0-0: Ball 1-0: Fly out, F9 (Flyball, 9S) | Batting: LHB Troy Donaldson | 0-0: Called Strike 0-1: Called Strike 0-2: Strikes out swinging | Batting: LHB Chance Santry | 0-0: Called Strike 0-1: Foul Ball, location: 2F 0-2: SINGLE (Line Drive, 4MD) | Batting: LHB Hamilton Hughes | 0-0: Fielders Choice at 2nd, 6-4 (Groundball, 6) | Bottom of the 5th over - 0 runs, 1 hit, 0 errors, 1 left on base; Pocatello 3 - Portland 2 | TOP OF THE 6TH |
---|
Pocatello Bellas batting - Pitching for Portland Cards : RHP José González | Batting: RHB Jackson Gibson | 0-0: Ball 1-0: Ball 2-0: Called Strike 2-1: Called Strike 2-2: Ground out 6-3 (Groundball, 56) | Batting: RHB R.J. Parker | 0-0: Foul Ball, location: 2F 0-1: Ball 1-1: SINGLE (Groundball, 34S) (infield hit) | Batting: RHB Enrico Rodríguez | 0-0: Called Strike 0-1: Grounds into double play, 1-6-3 (Groundball, 13) | Top of the 6th over - 0 runs, 1 hit, 0 errors, 0 left on base; Pocatello 3 - Portland 2 | BOTTOM OF THE 6TH |
---|
Portland Cards batting - Pitching for Pocatello Bellas : RHP Ramón Silva | Batting: RHB Mario Méndez | 0-0: Foul Ball, location: 2F 0-1: Foul Ball, location: 2F 0-2: Ball 1-2: Fly out, F3 (Popup, 3F) | Batting: RHB Robert Bly | 0-0: Called Strike 0-1: Ball 1-1: Ground out 6-3 (Groundball, 6M) | Batting: RHB Gabriel Miranda | 0-0: Ball 1-0: Foul Ball, location: 2F 1-1: Ball 2-1: Ball 3-1: Fly out, F8 (Flyball, 89M) | Bottom of the 6th over - 0 runs, 0 hits, 0 errors, 0 left on base; Pocatello 3 - Portland 2 | TOP OF THE 7TH |
---|
Pocatello Bellas batting - Pitching for Portland Cards : RHP José González | Batting: SHB Nick Cox | 0-0: Ball 1-0: Called Strike 1-1: Foul Ball, location: 2F 1-2: Strikes out swinging | Batting: RHB Sergio Solíz | 0-0: Called Strike 0-1: Ground out 4-3 (Groundball, 4) | Pitching: LHP Eduardo Trujillo | | Batting: LHB Pedro Camacho | 0-0: Ball 1-0: TRIPLE (Line Drive, 89XD) | Pinch Hitting: RHB Francisco Sandoval | 0-0: Fly out, F8 (Flyball, 89D) | Top of the 7th over - 0 runs, 1 hit, 0 errors, 1 left on base; Pocatello 3 - Portland 2 | BOTTOM OF THE 7TH |
---|
Portland Cards batting - Pitching for Pocatello Bellas : RHP Ramón Silva | Now at 3B: Francisco Sandoval | | Batting: RHB Augusto Baiano | 0-0: Called Strike 0-1: Called Strike 0-2: Ball 1-2: Strikes out looking | Pinch Hitting: RHB Peter Hensley | 0-0: Ball 1-0: Called Strike 1-1: Ball 2-1: Called Strike 2-2: SOLO HOME RUN (Flyball, 89XD), Distance : 438 ft | Pinch Hitting: RHB Manolo Román | 0-0: Ball 1-0: Called Strike 1-1: Ground out 6-3 (Groundball, 6) | Pitching: LHP Santiago González | | Pinch Hitting: RHB Aaron Scott | 0-0: Ball 1-0: Foul Ball, location: 2F 1-1: Called Strike 1-2: Strikes out swinging | Bottom of the 7th over - 1 run, 1 hit, 0 errors, 0 left on base; Pocatello 3 - Portland 3 | TOP OF THE 8TH |
---|
Pocatello Bellas batting - Pitching for Portland Cards : LHP Eduardo Trujillo | Pitching: LHP Francisco Nieto | | Now at 3B: Manolo Román | | Now in LF: Peter Hensley | | Now in CF: Dale Winters | | Pinch Hitting: RHB Roberto Cruz | 0-0: Called Strike 0-1: Fly out, F8 (Flyball, 78S) | Pinch Hitting: RHB Tomás Carranza | 0-0: Called Strike 0-1: Foul Ball, location: 2F 0-2: Ball 1-2: Fly out, F7 (Line Drive, 78D) | Pinch Hitting: RHB Morgan Gibbon | 0-0: Fly out, F7 (Flyball, 78M) | Top of the 8th over - 0 runs, 0 hits, 0 errors, 0 left on base; Pocatello 3 - Portland 3 | BOTTOM OF THE 8TH |
---|
Portland Cards batting - Pitching for Pocatello Bellas : LHP Santiago González | Now at SS: Morgan Gibbon | | Now in CF: Tomás Carranza | | Now in RF: Héctor Rentería | | Pinch Hitting: LHB Jeff Daniels | 0-0: Called Strike 0-1: Ball 1-1: Called Strike 1-2: Fly out, F7 (Line Drive, 78XD) | Pinch Hitting: RHB Dani Vázquez | 0-0: Ball 1-0: SINGLE (Line Drive, 34) | Pitching: RHP Flávio De Brito | | Pinch Runner at 1st José Garza: | | Batting: RHB Mario Méndez | 0-0: Ball 1-0: Called Strike 1-1: SINGLE (Flyball, 8RS) José Garza to second | Batting: RHB Jared Thompson | 0-0: Ball 1-0: Ground out 5-3 (Groundball, 25) José Garza to third Mario Méndez to second | Pinch Hitting: LHB Nick Scott | 0-0: Ball 1-0: Foul Ball, location: 2F 1-1: Ball 2-1: Fly out, F6 (Popup, 6M) | Bottom of the 8th over - 0 runs, 2 hits, 0 errors, 2 left on base; Pocatello 3 - Portland 3 | TOP OF THE 9TH |
---|
Pocatello Bellas batting - Pitching for Portland Cards : LHP Francisco Nieto | Pitching: RHP César Menéndez | | Now at 1B: José Garza | | Now at SS: Elpidio Martinho | | Now in RF: Dawson Fowler | | Batting: LHB Ray Bryant | 0-0: Ball 1-0: Called Strike 1-1: Foul Ball, location: 2F 1-2: Strikes out looking | Pinch Hitting: RHB Enrique Soto | 0-0: Ball 1-0: Called Strike 1-1: Ball 2-1: Ball 3-1: Foul Ball, location: 2F 3-2: Strikes out swinging | Batting: SHB Nick Cox | 0-0: Foul Ball, location: 2F 0-1: Ground out 6-3 (Groundball, 6) | Top of the 9th over - 0 runs, 0 hits, 0 errors, 0 left on base; Pocatello 3 - Portland 3 | BOTTOM OF THE 9TH |
---|
Portland Cards batting - Pitching for Pocatello Bellas : RHP Flávio De Brito | Now in LF: Enrique Soto | | Pinch Hitting: LHB Bill Smith | 0-0: Ball 1-0: Ground out 4-3 (Groundball, 4) | Batting: RHB Peter Hensley | 0-0: Ball 1-0: Called Strike 1-1: Swinging Strike 1-2: Fly out, F7 (Line Drive, 78M) | Batting: RHB Manolo Román | 0-0: Foul Ball, location: 2F 0-1: Called Strike 0-2: Ball 1-2: Ball 2-2: Ball 3-2: Foul Ball, location: 2F 3-2: DOUBLE (Line Drive, 78D) | Pinch Runner at 2nd Willie Houk: | | Pinch Hitting: LHB Jeff Douglas | 0-0: Ball 1-0: Ball 2-0: Foul Ball, location: 2F 2-1: Ball 3-1: Base on Balls | Pinch Hitting: RHB Jim Villiers | 0-0: Called Strike 0-1: Foul Ball, location: 2F 0-2: Foul Ball, location: 2F 0-2: Strikes out swinging | Bottom of the 9th over - 0 runs, 1 hit, 0 errors, 2 left on base; Pocatello 3 - Portland 3 | TOP OF THE 10TH |
---|
Pocatello Bellas batting - Pitching for Portland Cards : RHP César Menéndez | Now at 2B: Alberto Chávez | | Now at 3B: Willie Houk | | Now at SS: Juan Becerra | | Now in CF: Jeff Douglas | | Pinch Hitting: LHB José Delgado | 0-0: Called Strike 0-1: Swinging Strike 0-2: Strikes out looking | Pinch Hitting: RHB Octávio Zúńiga | 0-0: Ball 1-0: Ground out 6-3 (Groundball, 6) | Batting: RHB Francisco Sandoval | 0-0: Ball 1-0: Foul Ball, location: 2F 1-1: Ball 2-1: Fly out, F8 (Flyball, 89M) | Top of the 10th over - 0 runs, 0 hits, 0 errors, 0 left on base; Pocatello 3 - Portland 3 | BOTTOM OF THE 10TH |
---|
Portland Cards batting - Pitching for Pocatello Bellas : RHP Flávio De Brito | Pitching: RHP Jaime Espinoza | | Now at 1B: Octávio Zúńiga | | Now at 2B: Jaime Padilla | | Batting: LHB José Garza | 0-0: Ball 1-0: Ball 2-0: Called Strike 2-1: Swinging Strike 2-2: Strikes out swinging | Pinch Hitting: SHB Felipe Castro | 0-0: Called Strike 0-1: DOUBLE (Groundball, 3L) | Batting: RHB Jared Thompson | 0-0: Intentional Walk | Batting: SHB Dawson Fowler | 0-0: Swinging Strike 0-1: Ball 1-1: Foul Ball, location: 2F 1-2: Strikes out swinging | Batting: RHB Juan Becerra | 0-0: Ball 1-0: Ball 2-0: Called Strike 2-1: Fly out, F4 (Line Drive, 4) | Bottom of the 10th over - 0 runs, 1 hit, 0 errors, 2 left on base; Pocatello 3 - Portland 3 | TOP OF THE 11TH |
---|
Pocatello Bellas batting - Pitching for Portland Cards : RHP César Menéndez | Pitching: LHP José Garza | | Now at C: Jaime Rodríguez | | Batting: LHB Héctor Rentería | 0-0: Foul Ball, location: 2F 0-1: Foul Ball, location: 2F 0-2: Strikes out swinging | Batting: RHB Tomás Carranza | 0-0: Ball 1-0: Foul Ball, location: 2F 1-1: Ball 2-1: Ball 3-1: Called Strike 3-2: SINGLE (Line Drive, 9S) | Batting: RHB Morgan Gibbon | 0-0: Ball 1-0: Called Strike 1-1: Foul Ball, location: 2F 1-2: Reached on error, E1 (Groundball, 13) Tomás Carranza to second | Batting: LHB Ray Bryant | 0-0: Called Strike 0-1: Swinging Strike 0-2: Strikes out swinging | Batting: RHB Enrique Soto | 0-0: Ball Wild Pitch! Tomás Carranza to third Morgan Gibbon to second 1-0: Foul Ball, location: 2F 1-1: SINGLE (Line Drive, 78M) Tomás Carranza scores Morgan Gibbon to third | Batting: SHB Nick Cox | 0-0: Ball Wild Pitch! Morgan Gibbon scores Enrique Soto to second 1-0: Ball 2-0: Called Strike 2-1: Foul Ball, location: 2F 2-2: Foul Ball, location: 2F 2-2: Strikes out swinging | Top of the 11th over - 2 runs, 2 hits, 1 error, 1 left on base; Pocatello 5 - Portland 3 | BOTTOM OF THE 11TH |
---|
Portland Cards batting - Pitching for Pocatello Bellas : RHP Jaime Espinoza | Batting: RHB Peter Hensley | 0-0: Ground out 5-3 (Groundball, 56S) | Batting: RHB Willie Houk | 0-0: Ball 1-0: Fly out, F8 (Flyball, 78D) | Batting: LHB Jeff Douglas | 0-0: Called Strike 0-1: Foul Ball, location: 2F 0-2: Fly out, F8 (Flyball, 89M) | Bottom of the 11th over - 0 runs, 0 hits, 0 errors, 0 left on base; Pocatello 5 - Portland 3 | |